 Dungeon Crawl Stone Soup version 0.26-a0-466-g989023bd0d (webtiles) character file.

Game seed: 16198060816321567868

11435 Apogee the Grappler (level 11, -1/107 HPs)
             Began as a Troll Fighter on Aug 14, 2020.
             Was an Elder of Makhleb.
             Slain by a nine-headed hydra (7 damage)
             ... on level 1 of the Lair of Beasts.
             The game lasted 00:19:06 (9034 turns).

Apogee the Grappler (Troll Fighter)                 Turns: 9034, Time: 00:19:06

Health: -1/107     AC: 12    Str: 29    XL:     11   Next: 49%
Magic:  15/15      EV: 12    Int:  4    God:    Makhleb [****..]
Gold:   518        SH: 11    Dex:  9    Spells: 10/10 levels left

rFire    . . .     SeeInvis .     - Unarmed
rCold    . . .     Faith    .   b - +0 kite shield
rNeg     . . .     Spirit   .   a - +0 robe
rPois    .         Reflect  .   F - +2 hat
rElec    .         Harm     .   (no cloak)
rCorr    .                      (gloves unavailable)
MR       .....                  (boots unavailable)
Stlth    +.........             (no amulet)
HPRegen  0.67/turn              i - +4 ring of protection
MPRegen  0.14/turn              (no ring)

@: no status effects
A: large, unfitting armour, claws 3, regeneration 1, shaggy fur 1, tough skin 3
a: Minor Destruction, Lesser Servant of Makhleb, Major Destruction, Renounce
Religion


You were on level 1 of the Lair of Beasts.
You worshipped Makhleb.
Makhleb was greatly pleased with you.
You visited 2 branches of the dungeon, and saw 11 of its levels.

You collected 843 gold pieces.
You spent 325 gold pieces at shops.

Inventory:

Hand Weapons
 q - a +2 dagger of venom
   (You took it off a kobold on level 3 of the Dungeon)
 G - a +1 whip of electrocution
   (You took it off an orc on level 9 of the Dungeon)
Missiles
 j - 3 throwing nets {!f}
 k - 35 poisoned darts
 l - 254 stones (quivered)
 w - 5 curare-tipped darts {!f}
 K - 15 boomerangs
Armour
 a - a +0 robe (worn)
 b - a +0 kite shield (worn)
 o - a +0 cloak
   (You took it off Crazy Yiuf on level 7 of the Dungeon)
 F - a +2 hat (worn)
   (You found it on level 6 of the Dungeon)
Jewellery
 i - a +4 ring of protection (left claw)
   (You found it on level 1 of the Dungeon)
 I - a +6 ring of intelligence {unknown}
   (You found it on level 10 of the Dungeon)
 M - an uncursed ring of magical power {unknown}
   (You found it on level 10 of the Dungeon)
Wands
 d - a wand of iceblast (5)
   (You found it on level 4 of the Dungeon)
 v - a wand of digging (4)
   (You found it on level 10 of the Dungeon)
 x - a wand of acid (9)
   (You found it on level 2 of the Dungeon)
 D - a wand of polymorph (4)
   (You took it off Harold on level 9 of the Dungeon)
Scrolls
 f - 3 scrolls of enchant weapon
 g - 2 scrolls of teleportation {@r4}
 h - 3 scrolls of remove curse {@r2}
 n - 2 scrolls of magic mapping
 u - a scroll of blinking {unknown}
 y - a scroll of fog
 z - 5 scrolls of amnesia
 A - a scroll of noise {unknown}
 B - 2 scrolls of immolation {unknown}
 E - a scroll of fear {unknown}
Potions
 c - a potion of might
 e - 2 potions of degeneration {!q}
 m - 3 potions of curing {@q1}
 p - a potion of cancellation
 r - 3 potions of brilliance
 s - a potion of stabbing
 t - 3 potions of mutation {!q}
 C - 3 potions of lignification {!q}
 H - a potion of heal wounds {@q2}
 L - a potion of invisibility {unknown}
Miscellaneous
 J - a phantom mirror


   Skills:
 + Level 6.5 Fighting
 + Level 6.4 Dodging
 - Level 9.0 Shields
 * Level 10.3 Unarmed Combat
 - Level 7.1 Invocations


You had 10 spell levels left.
You didn't know any spells.
Your spell library contained the following spells:

 Spells                   Type           Power        Failure   Level
 Freeze                   Ice            #...         50%         1
 Summon Small Mammal      Summ           #...         50%         1
 Call Imp                 Summ           #.......     65%         2
 Call Canine Familiar     Summ           #.......     86%         3
 Confusing Touch          Hex            #.......     86%         3
 Frozen Ramparts          Ice            #.....       86%         3
 Gell's Gravitas          Tloc           #.........   86%         3
 Ozocubu's Armour         Ice            #.......     86%         3
 Summon Guardian Golem    Hex/Summ       #.......     86%         3
 Hailstorm                Conj/Ice       #.......     99%         4
 Petrify                  Tmut/Erth      #.......     99%         4
 Summon Ice Beast         Ice/Summ       #.......     99%         4
 Summon Lightning Spire   Summ/Air       #.......     99%         4
 Metabolic Englaciation   Hex/Ice        #.........   100%        5
 Yara's Violent Unravell  Hex/Tmut       #.........   100%        5


Dungeon Overview and Level Annotations

Branches:
Dungeon (10/15)            Temple (0/1) D:6            Lair (1/6) D:10
    Orc: D:9-12

Altars:
Ashenzari
Elyvilon
Hepliaklqana
Kikubaaqudgha
Makhleb
Nemelex Xobeh
Okawaru
Qazlal
Ru
Sif Muna
Trog
Uskayaw
Yredelemnul
The Shining One

Shops:
D:6 !


Innate Abilities, Weirdness & Mutations

You are too large for most types of armour.
You have claws for hands.
Your natural rate of healing is unusually fast.
You are covered in fur. (AC +1)
You have extremely tough skin. (AC +3)


Message History

The eight-headed hydra resists with some effort.
Aim: an eight-headed hydra (heavily wounded)
The stone arrow misses the eight-headed hydra.
A demon appears!
You block the eight-headed hydra's attack.
The eight-headed hydra bites you. x2; The eight-headed hydra misses you.
The eight-headed hydra bites you but does no damage.
The eight-headed hydra closely misses you.
The eight-headed hydra misses you.
You block the eight-headed hydra's attack.
Unknown command.
Unknown command.
Aim: an eight-headed hydra (heavily wounded)
The zap hits the eight-headed hydra.
You hear the brisk rumble of an avalanche of rocks nearby.
The eight-headed hydra bites you but does no damage.
You block the eight-headed hydra's attack.
The eight-headed hydra bites you but does no damage.
The eight-headed hydra bites you.
You block the eight-headed hydra's attack.
The eight-headed hydra bites you but does no damage. x3
Your neqoxec hits the eight-headed hydra.
You claw one of the eight-headed hydra's heads off!
The seven-headed hydra grows two more!
You claw the nine-headed hydra!
Unknown command.
Aim: a nine-headed hydra (heavily wounded)
The nine-headed hydra writhes in agony.
The nine-headed hydra bites you. The nine-headed hydra bites you!
The nine-headed hydra bites you.
You block the nine-headed hydra's attack.
The nine-headed hydra closely misses you.
The nine-headed hydra bites you.
The nine-headed hydra completely misses you.
The nine-headed hydra bites you.
* * * LOW HITPOINT WARNING * * *
The nine-headed hydra bites you!
* * * LOW HITPOINT WARNING * * *
Your neqoxec hits the nine-headed hydra.
Aim: a nine-headed hydra (severely wounded)
The orb of electricity explodes!
The orb of electricity engulfs the nine-headed hydra!!
The orb of electricity engulfs you!!
* * * LOW HITPOINT WARNING * * *
The orb of electricity engulfs your neqoxec!
Your neqoxec disappears in a puff of smoke!
The nine-headed hydra barely misses you.
The nine-headed hydra bites you but does no damage.
The nine-headed hydra bites you!
* * * LOW HITPOINT WARNING * * *
The nine-headed hydra bites you!
You die...

.# #...#.# .....
...#...#.. .....
#.#...#.P......
#.^.....#......
#.#.......#...... ..
#.#.#...#........ ...
#.#.#...#........
............D@.!.....
..#...#...§.#......
#........#.#.....# .....
#.#.##.#.#.#.....# ....
..#.##.#.P...#.#........
#....#.#...#.....#... ..
#.#.##...#†#.#.#.#.... .
..#.P#.....#.#.#.# ...
..#.##.....#.#.. # ..


You could see a nine-headed hydra.

Vanquished Creatures
  Harold (D:9)
  A two-headed ogre (D:10)
  2 hippogriffs
  A basilisk (D:9)
  A vampire (D:10)
  Eustachio (D:4)
  14 yaks
  A porcupine (Lair:1)
  6 orc warriors
  2 ice beasts
  A black bear (D:8)
  2 sky beasts
  A necrophage (D:6)
  6 ogres
  A phantom (D:6)
  A crocodile (Lair:1)
  A gnoll sergeant (D:6)
  6 bullfrogs
  A water moccasin zombie (D:7)
  A wyvern skeleton (D:9)
  4 scorpions
  2 wights (D:10)
  9 killer bees
  A howler monkey (D:2)
  A bullfrog zombie (D:6)
  7 orc priests
  9 hounds
  Crazy Yiuf (D:7)
  2 jellies
  2 bullfrog skeletons
  5 iguanas
  5 orc wizards
  14 worker ants
  A killer bee zombie (D:7)
  A hound zombie (D:8)
  A worker ant zombie (D:8)
  Robin (D:4)
  14 gnolls
  13 adders
  2 shadow imps
  2 white imps
  3 ufetubi
  An ooze (D:5)
  An adder zombie (D:6)
  2 adder skeletons
  7 worms
  3 dart slugs
  10 leopard geckos
  45 orcs
  3 ball pythons
  9 giant cockroaches
  13 goblins
  8 hobgoblins
  2 jackals (D:7)
  A quokka (D:7)
  6 bats
  6 frilled lizards
  A giant cockroach zombie (D:5)
  2 goblin skeletons (D:8)
  A goblin zombie (D:8)
  A hobgoblin zombie (D:8)
  6 kobolds
  A kobold skeleton (D:8)
  A kobold zombie (D:8)
  2 orc zombies (D:8)
  A quokka skeleton (D:7)
  11 rats
295 creatures vanquished.

Vanquished Creatures (collateral kills)
  3 wights (D:10)
3 creatures vanquished.

Vanquished Creatures (others)
  2 fungi (Lair:1)
2 creatures vanquished.

Grand Total: 300 creatures vanquished

Notes
Turn   | Place    | Note
-------+----------+-------------------------------------------
     0 | D:1      | Apogee the Troll Fighter began the quest for the Orb.
     0 | D:1      | Reached XP level 1. HP: 22/22 MP: 0/0
   183 | D:1      | Reached XP level 2. HP: 22/29 MP: 1/1
   525 | D:1      | Reached XP level 3. HP: 33/36 MP: 2/2
   827 | D:2      | Reached skill level 3 in Unarmed Combat
   889 | D:1      | Reached XP level 4. HP: 39/44 MP: 3/3
   980 | D:2      | Found a sparkling altar of Nemelex Xobeh.
   993 | D:2      | Reached XP level 5. HP: 53/53 MP: 4/4
  1041 | D:2      | Found a faded altar of an unknown god.
  1242 | D:2      | Found a burning altar of Makhleb.
  1242 | D:2      | Noticed a blizzard demon
  1245 | D:2      | Noticed an orange demon
  1245 | D:2      | Noticed an orange demon
  1322 | D:2      | Became a worshipper of Makhleb the Destroyer
  1440 | D:3      | Noticed an ogre
  1723 | D:4      | Reached skill level 4 in Unarmed Combat
  1757 | D:4      | Found a shimmering blue altar of Sif Muna.
  1758 | D:4      | Found a white marble altar of Elyvilon.
  1890 | D:4      | Found a hide-covered altar of Uskayaw.
  1915 | D:4      | Reached XP level 6. HP: 54/61 MP: 5/5
  2051 | D:4      | Noticed Robin
  2069 | D:4      | Reached * piety under Makhleb
  2076 | D:4      | Noticed Eustachio
  2078 | D:4      | Killed Robin
  2098 | D:4      | Killed Eustachio
  2339 | D:4      | Reached skill level 5 in Unarmed Combat
  2634 | D:4      | Reached XP level 7. HP: 63/68 MP: 6/6
  2705 | D:5      | Entered Level 5 of the Dungeon
  2705 | D:5      | Found a basalt altar of Yredelemnul.
  4042 | D:5      | Reached skill level 6 in Unarmed Combat
  4184 | D:5      | Reached XP level 8. HP: 54/78 MP: 7/7
  4187 | D:5      | Reached ** piety under Makhleb
  4824 | D:6      | Found a staircase to the Ecumenical Temple.
  4830 | D:6      | Reached skill level 7 in Unarmed Combat
  4926 | D:6      | Found Weloha's Distillery.
  4939 | D:6      | Reached skill level 5 in Fighting
  4939 | D:6      | Reached skill level 5 in Shields
  4941 | D:6      | Bought a potion of lignification for 39 gold pieces
  4941 | D:6      | Bought a potion of berserk rage for 65 gold pieces
  4941 | D:6      | Bought a potion of degeneration for 13 gold pieces
  4941 | D:6      | Bought a potion of mutation for 104 gold pieces
  4941 | D:6      | Bought a potion of curing for 39 gold pieces
  4941 | D:6      | Bought a potion of heal wounds for 65 gold pieces
  4993 | D:6      | Reached XP level 9. HP: 88/88 MP: 8/8
  5085 | D:6      | Found a sacrificial altar of Ru.
  5122 | D:6      | Reached skill level 5 in Dodging
  5209 | D:6      | Reached skill level 8 in Unarmed Combat
  5391 | D:6      | Noticed a moth of wrath
  5394 | D:6      | Found a bloodstained altar of Trog.
  5399 | D:6      | Reached *** piety under Makhleb
  5516 | D:6      | Reached XP level 10. HP: 96/96 MP: 8/14
  5863 | D:7      | Found an ancient bone altar of Kikubaaqudgha.
  6380 | D:7      | Found a runed translucent door.
  6381 | D:7      | Noticed Crazy Yiuf
  6419 | D:7      | Killed Crazy Yiuf
  6474 | D:8      | Found a stormy altar of Qazlal.
  6499 | D:8      | Found a glowing golden altar of the Shining One.
  6600 | D:8      | Reached **** piety under Makhleb
  7174 | D:9      | Found a shattered altar of Ashenzari.
  7186 | D:9      | Noticed Harold
  7234 | D:9      | Killed Harold
  7234 | D:9      | Reached skill level 9 in Unarmed Combat
  7381 | D:9      | Found an iron altar of Okawaru.
  7433 | D:9      | Identified the +6 spear of Misery {flame, Str+2 Int+4
                  | Stlth-}
  7757 | D:9      | Reached XP level 11. HP: 105/105 MP: 15/15
  8149 | D:9      | Found a hazy altar of Hepliaklqana.
  8173 | D:10     | Entered Level 10 of the Dungeon
  8309 | D:10     | Noticed a two-headed ogre
  8316 | D:10     | Killed a two-headed ogre
  8517 | D:10     | Found a staircase to the Lair.
  8734 | Lair:1   | Entered Level 1 of the Lair of Beasts
  8892 | D:10     | Reached skill level 10 in Unarmed Combat
  9023 | Lair:1   | Noticed an eight-headed hydra
  9034 | Lair:1   | Slain by a nine-headed hydra

Illustrated notes

Levels and vault maps discovered:
D:1:      heliophobic_arrival_dark_side_of_the_moon, layout_loops_ring
D:2:      layout_basic, lemuel_round_altar, chequers_ecumenical_altar_island,
          makhleb_altar_promises_db
D:3:      layout_basic, gup_sewer_entry_pipe, fountainhead
D:4:      layout_gridville, nicolae_overflow_crystal_walls,
          chequers_temple_overflow_statue_of_worship, wad_orctagon,
          uniq_eustachio, uniq_robin
D:5:      minmay_diamond_boxcup, layout_loops_ring, yredelemnul_altar_generic,
          item_on_display_a
D:6:      layout_cave_pools, marbit_many_paths, tgw_trog, temple_statues,
          serial_shops, nicolae_shop_temple_entry_statues_fountains
D:7:      layout_cave_pools, kennysheep_little_box, uniq_crazy_yiuf_cottage
D:8:      layout_loops_ring, nicolae_tso_besieged_by_evil, grunt_qazlal_clouds,
          chequers_serial_rivers_micro_a
D:9:      layout_basic, overflow_temple_1_default,
          lemuel_coloured_pillars_altar, okawaru_metal_pillars_1_2,
          serial_corexii_hall, corexii_hall_statues_i, corexii_hall_statues_s,
          minmay_mirror_moons_of_madness, uniq_harold
D:10:     layout_cave_pools, lair_entry_dummy, serial_column_ruins,
          column_ruins_square_small, column_ruins_columns_corner,
          column_ruins_columns_straight, column_ruins_open_tiny,
          column_ruins_grid_2, column_ruins_open_large
Lair:1:   layout_long_grid, lightli_volcano_entry_magma_tube,
          lemuel_old_faithful

Skill      XL: |  1  2  3  4  5  6  7  8  9 10 11 |
---------------+----------------------------------+-----
Unarmed Combat | 3 4 5 6 7 8 9 10 | 10.3
Fighting       | 3 4 5 6 |  6.5
Shields        | 3 4 5 8 9 |  9.0
Dodging        | 3 4 5 6 |  6.4
Invocations    | 7 |  7.1

Action                   |  1- 3 |  4- 6 |  7- 9 | 10-12 || total
-------------------------+-------+-------+-------+-------++-------
Melee: Unarmed           |    85 |   169 |   332 |   436 ||  1022
Throw: Stone             |       |       |       |     2 ||     2
Invok: Minor Destruction |       |       |       |    25 ||    25
       Major Destruction |       |       |       |     5 ||     5
       Lesser Servant of |       |       |       |     2 ||     2
  Use: Potion            |       |       |     3 |     2 ||     5
       Scroll            |       |       |     4 |    10 ||    14
Armor: Robe              |    19 |    52 |    56 |   125 ||   252
       Skin              |       |       |       |     2 ||     2
Dodge: Dodged            |    22 |    56 |    86 |   198 ||   362
Block: Kite shield       |    23 |    70 |   132 |   258 ||   483

Table legend: (Time is in decaauts)
 A = Elapsed time spent in this place.
 B = Non-inter-level travel time spent in this place.
 C = Inter-level travel time spent in this place.
 D = Time resting spent in this place.
 E = Time spent auto-exploring this place.
 F = Levels seen in this place.
 G = Mean time per level.
                   A        B        C        D        E       F      G
               +--------+--------+--------+--------+--------+-----+--------+
         Total |   8977 |   8479 |    498 |    697 |   5683 |  11 |  816.1 |
       Dungeon |   8870 |   8372 |    498 |    697 |   5623 |  10 |  887.0 |
          Lair |    106 |    106 |      0 |      0 |     60 |   1 |  106.0 |
               +--------+--------+--------+--------+--------+-----+--------+

Top non-repeatable levels by time:
     D:3: 1244 daAuts
     D:4: 1008 daAuts
     D:9: 992 daAuts
     D:5: 958 daAuts
     D:1: 883 daAuts
     D:7: 880 daAuts
     D:6: 863 daAuts
    D:10: 735 daAuts
     D:8: 689 daAuts
     D:2: 614 daAuts
  Lair:1: 106 daAuts
